 Dungeon Crawl Stone Soup version 0.30-a0-956-gcec3b41aec (webtiles) character file.

Game seed: 297594236333724343

179 sasquatch the Magician (level 5, 0/39 (41) HPs)
             Began as a Gnoll Wanderer on Mar 29, 2023.
             Was a Follower of Qazlal.
             Slain by Crazy Yiuf
             ... wielding a +3 quarterstaff of chaos
              (10 damage)
             ... on level 3 of the Dungeon.
             The game lasted 00:04:19 (2114 turns).

sasquatch the Magician (Gnoll Wanderer)             Turns: 2114, Time: 00:04:20

HP:   0/39 (41)     AC:  6    Str: 15    XL:     5   Next: 59%
MP:   12/12         EV: 12    Int: 11    God:    Qazlal [*.....]
Gold: 197           SH:  2    Dex: 10    Spells: 13/14 levels left

rFire   . . .      SeeInvis .    a - +3 spear
rCold   . . .      Faith    .    (no shield)
rNeg    . . .      Spirit   .    m - +0 ring mail
rPois   +          Reflect  .    t - +0 helmet
rElec   .          Rampage  .    (no cloak)
rCorr   .                        (no gloves)
Will    .....                    (no boots)
Stlth   +                        d - amulet of regeneration
HPRegen 1.06/turn                r - +4 ring of slaying
MPRegen 0.13/turn                l - ring of poison resistance

@: lightly drained
A: fangs 1, strong nose, distributed training
a: Renounce Religion


You were on level 3 of the Dungeon.
You worshipped Qazlal.
Qazlal was aware of your devotion.
You visited 1 branch of the dungeon, and saw 3 of its levels.

You collected 197 gold pieces.

Inventory:

Hand Weapons
 a - a +3 spear (weapon)
 s - a +0 dagger of electrocution
Missiles
 f - 2 poisoned darts
Armour
 m - a +0 ring mail (worn)
 t - a +0 helmet (worn)
Magical Staves
 y - a staff of air
Jewellery
 d - an amulet of regeneration (around neck)
 l - a ring of poison resistance (right hand)
 r - a +4 ring of slaying (left hand)
 x - a ring of magical power
Wands
 c - a wand of light (14)
 i - a wand of polymorph (6)
 v - a wand of iceblast (4)
Scrolls
 b - a scroll of fog
 e - 7 scrolls of identify {unknown}
 h - 2 scrolls of fear {unknown}
 j - a scroll of teleportation {unknown}
 k - a scroll of summoning {unknown}
 p - a scroll of enchant weapon {unknown}
 q - a scroll of noise {unknown}
 u - a scroll of poison {unknown}
Potions
 g - a potion of degeneration {unknown}
 n - a potion of attraction {unknown}
 o - a potion of berserk rage {unknown}
 w - a potion of mutation {unknown}


   Skills:
 + Level 3.0 Fighting
 + Level 1.6 Short Blades
 + Level 1.6 Long Blades
 + Level 1.6 Axes
 + Level 1.6 Maces & Flails
 + Level 4.8 Polearms
 + Level 1.6 Staves
 + Level 1.6 Ranged Weapons
 + Level 1.6 Throwing
 + Level 3.0 Armour
 + Level 4.8 Dodging
 + Level 2.8 Stealth
 + Level 1.6 Shields
 + Level 1.6 Unarmed Combat
 + Level 5.2 Spellcasting
 + Level 2.4 Conjurations
 + Level 1.3 Hexes
 + Level 1.3 Summonings
 + Level 1.3 Necromancy
 + Level 1.3 Translocations
 + Level 1.3 Transmutations
 + Level 1.3 Fire Magic
 + Level 1.3 Ice Magic
 + Level 1.3 Air Magic
 + Level 1.3 Earth Magic
 + Level 1.3 Poison Magic
 + Level 1.8 Invocations
 + Level 1.6 Evocations


You had 13 spell levels left.
You knew the following spells:

 Your Spells              Type           Power      Damage    Failure   Level
a - Kiss of Death         Conj/Necr      28%        2d7       19%         1

Your spell library contained the following spells:

 Spells                   Type           Power      Damage    Failure   Level
 Stone Arrow              Conj/Erth      14%        3d7       50%         3
 Ozocubu's Armour         Ice            5%         N/A       56%         3
 Airstrike                Air            2%         2d(1-17)  93%         4
 Summon Lightning Spire   Summ/Air       5%         N/A       93%         4
 Metabolic Englaciation   Hex/Ice        2%         N/A       100%        5
 Plasma Beam              Fire/Air       2%         2x1d9     100%        5
 Simulacrum               Ice/Necr       2%         N/A       100%        6


Dungeon Overview and Level Annotations

Branches:
Dungeon (3/15)

Altars:
Qazlal
The Shining One

Shops:
D:1 ((=(

Annotations:
D:3 1 runed translucent door, Crazy Yiuf


Innate Abilities, Weirdness & Mutations

You have very sharp teeth.
Your uncanny sense of smell can sniff out nearby items.
Your experience applies equally to all skills.


Message History

You puncture the giant cockroach!
You kill the giant cockroach!
Qazlal accepts your kill.
No target in view!
Unknown command.
There is an open translucent door here.
Things that are here:
a giant cockroach corpse; a worm corpse; a rat corpse You enter the shallow water.
Moving in this stuff is going to be slow.
You now have 197 gold pieces (gained 12).
There is a collapsed entrance here.
You enter the shallow water.
Moving in this stuff is going to be slow.
There is an open translucent door here.
Things that are here:
a giant cockroach corpse; a worm corpse; a rat corpse You see here a +0 mace.
You see here 6 stones.
There is a shaft here.
Crazy Yiuf shouts!
Could not explore, unopened runed door.
You open the door. You hit Crazy Yiuf but do no damage.
You bite Crazy Yiuf, but do no damage.
Crazy Yiuf hits you with a +3 quarterstaff of chaos!
You feel drained.
You hit Crazy Yiuf but do no damage. Crazy Yiuf barely misses you.
You barely miss Crazy Yiuf.
Crazy Yiuf waves his quarterstaff at you.
Crazy Yiuf hits you with a +3 quarterstaff of chaos!
Crazy Yiuf freezes you.
You hit Crazy Yiuf.
Crazy Yiuf is lightly wounded.
Crazy Yiuf closely misses you.
You hit Crazy Yiuf.
Crazy Yiuf is moderately wounded.
Crazy Yiuf hits you with a +3 quarterstaff of chaos!
* * * LOW HITPOINT WARNING * * *
You are electrocuted!
You die...

........†...)...###.........#
.........†......# ##......[.#
######.>........# #........#
#...######## ######...# #...#
#...# #...# ##(## ##### ###
#####.# #)..### ##P....#
#...g@####.^....#
#...##..#..P...## ###
###.#.P..## ########


You could see Crazy Yiuf.

Vanquished Creatures
  The ghost of Brigand the Grave Robber, an amateur MeNe (D:3)
  4 adders
  A worm (D:3)
  A dart slug (D:2)
  5 ball pythons
  2 bats (D:1)
  6 endoplasms
  6 giant cockroaches
  7 goblins
  3 hobgoblins
  4 jackals (D:3)
  2 kobolds
  A quokka (D:1)
  2 frilled lizards (D:1)
  9 rats
54 creatures vanquished.

Notes
Turn   | Place    | Note
-------+----------+-------------------------------------------
     0 | D:1      | sasquatch the Gnoll Wanderer began the quest for the Orb.
     0 | D:1      | sasquatch set off with the following items: a +3 spear, a
                  | scroll of fog, a +0 leather armour; and the following spell
                  | memorised: Kiss of Death; and the following spells
                  | available to memorise: Stone Arrow.
     0 | D:1      | Reached XP level 1. HP: 17/17 MP: 6/6
     2 | D:1      | Found Kuecseysch's Antique Weapon Boutique.
   216 | D:1      | Found Pesch's Weapon Shop.
   234 | D:1      | Reached XP level 2. HP: 23/23 MP: 7/7
   350 | D:1      | Found Fecuqup's Jewellery Shoppe.
   605 | D:1      | Found Male Ucw's Antique Weapon Emporium.
   919 | D:2      | Reached skill level 5 in Spellcasting
   919 | D:2      | Reached XP level 3. HP: 28/28 MP: 7/9
  1187 | D:2      | Reached skill level 1 in Invocations
  1267 | D:2      | Found a faded altar of an unknown god.
  1298 | D:2      | Reached skill level 1 in Short Blades
  1298 | D:2      | Reached skill level 1 in Long Blades
  1298 | D:2      | Reached skill level 1 in Axes
  1298 | D:2      | Reached skill level 1 in Maces & Flails
  1298 | D:2      | Reached skill level 1 in Staves
  1298 | D:2      | Reached skill level 1 in Ranged Weapons
  1298 | D:2      | Reached skill level 1 in Throwing
  1298 | D:2      | Reached skill level 1 in Shields
  1298 | D:2      | Reached skill level 1 in Unarmed Combat
  1298 | D:2      | Reached skill level 1 in Evocations
  1334 | D:2      | Prayed at the altar of an unknown god.
  1334 | D:2      | Became a worshipper of Qazlal Stormbringer
  1334 | D:2      | Reached * piety under Qazlal
  1568 | D:3      | Found a runed translucent door.
  1571 | D:3      | Noticed Brigand's ghost (amateur MeNe)
  1602 | D:3      | Reached XP level 4. HP: 23/31 MP: 11/11
  1692 | D:3      | Found a runed translucent door.
  1761 | D:3      | Found a runed translucent door.
  1762 | D:3      | Noticed Crazy Yiuf
  1819 | D:3      | Reached skill level 1 in Hexes
  1819 | D:3      | Reached skill level 1 in Summonings
  1819 | D:3      | Reached skill level 1 in Necromancy
  1819 | D:3      | Reached skill level 1 in Translocations
  1819 | D:3      | Reached skill level 1 in Transmutations
  1819 | D:3      | Reached skill level 1 in Fire Magic
  1819 | D:3      | Reached skill level 1 in Ice Magic
  1819 | D:3      | Reached skill level 1 in Air Magic
  1819 | D:3      | Reached skill level 1 in Earth Magic
  1819 | D:3      | Reached skill level 1 in Poison Magic
  1920 | D:3      | Found a glowing golden altar of the Shining One.
  2055 | D:3      | Killed Brigand's ghost
  2056 | D:3      | Reached XP level 5. HP: 37/41 MP: 12/12
  2114 | D:3      | Slain by Crazy Yiuf

Illustrated notes

Levels and vault maps discovered:
D:1:      dpeg_arrival_long_road, layout_basic, serial_shops,
          nicolae_shop_stone, shop, nicolae_shop_statue_plus,
          nicolae_shop_statue_plus, chequers_serial_rivers_micro_b
D:2:      layout_basic, hellmonk_ecumenical_altar_lost_god, due_unseen_surprise
D:3:      layout_rooms, tso_oasis_becter, ebering_ghost_sewer_f,
          uniq_crazy_yiuf_cottage

Skill      XL: |  1  2  3  4 |
---------------+-------------+-----
Conjurations   | 2 |  2.4
Spellcasting   | 5 |  5.2
Invocations    | 1 |  1.8
Short Blades   | 1 |  1.6
Long Blades    | 1 |  1.6
Axes           | 1 |  1.6
Maces & Flails | 1 |  1.6
Staves         | 1 |  1.6
Ranged Weapons | 1 |  1.6
Throwing       | 1 |  1.6
Shields        | 1 |  1.6
Unarmed Combat | 1 |  1.6
Evocations     | 1 |  1.6
Hexes          | 1 |  1.3
Summonings     | 1 |  1.3
Necromancy     | 1 |  1.3
Translocations | 1 |  1.3
Transmutations | 1 |  1.3
Fire Magic     | 1 |  1.3
Ice Magic      | 1 |  1.3
Air Magic      | 1 |  1.3
Earth Magic    | 1 |  1.3
Poison Magic   | 1 |  1.3
Fighting       | 3 |  3.0
Armour         | 3 |  3.0
Polearms       | |  4.8
Dodging        | |  4.8
Stealth        | |  2.8

Action                     |  1- 3 |  4- 6 || total
---------------------------+-------+-------++-------
  Melee: Spear             |    87 |    50 ||   137
         Bite              |     1 |     8 ||     9
   Cast: Kiss of Death     |     1 |       ||     1
   Stab: Sleeping          |     2 |       ||     2
 Armour: Leather armour    |    13 |       ||    13
         Ring mail         |       |    10 ||    10
  Dodge: Dodged            |    37 |    20 ||    57
  Block: Other             |       |     3 ||     3

Table legend: (Time is in decaauts)
 A = Elapsed time spent in this place.
 B = Non-inter-level travel time spent in this place.
 C = Inter-level travel time spent in this place.
 D = Time resting spent in this place.
 E = Time spent auto-exploring this place.
 F = Levels seen in this place.
 G = Mean time per level.
                   A        B        C        D        E       F      G
               +--------+--------+--------+--------+--------+-----+--------+
         Total |   2101 |   2012 |     89 |      0 |   1623 |   3 |  700.3 |
       Dungeon |   2101 |   2012 |     89 |      0 |   1623 |   3 |  700.3 |
               +--------+--------+--------+--------+--------+-----+--------+

Top non-repeatable levels by time:
     D:1: 839 daAuts
     D:2: 718 daAuts
     D:3: 543 daAuts
